 Dungeon Crawl Stone Soup version 0.18.1-48-g4cf74bf (webtiles) character file.

181 Ruka the Sneak (level 5, 0/24 HPs)
             Began as a Vine Stalker Enchanter on Sept 7, 2016.
             Slain by a worker ant (1 damage)
             ... on level 5 of the Dungeon.
             The game lasted 00:21:01 (2755 turns).

Ruka the Sneak (Vine Stalker Enchanter)             Turns: 2755, Time: 00:21:02

Health: 0/24       AC:  5    Str: 11    XL:     5   Next: 61%
Magic:  0/9        EV: 12    Int: 16    God:
Gold:   101        SH:  0    Dex: 14    Spells: 3 memorised, 2 levels left

rFire  . . .     SeeInvis .     k - +2 dagger (freeze)
rCold  . . .     Gourm    .     b - +1 robe
rNeg   . . .     Faith    .     (no shield)
rPois  .         Spirit   +     l - +1 helmet
rElec  .         Dismiss  .     (no cloak)
rCorr  .         Reflect  .     (no gloves)
SustAt .         Harm     .     (no boots)
MR     .....                    (no amulet)
Stlth  +++.......               (no ring)
                                (no ring)

@: lethally poisoned (0 -> -8), very slightly contaminated, not resistant to
hostile enchantments, fairly stealthy
A: fangs 2, regeneration 1, magic shield, antimagic bite, no device heal 3, rot
immunity
a: no special abilities


You were on level 5 of the Dungeon.
You were not hungry.

You visited 1 branch of the dungeon, and saw 5 of its levels.

You collected 101 gold pieces.

Inventory:

Hand Weapons
 a - a +1 dagger
 k - a +2 dagger of freezing (weapon)
Armour
 b - a +1 robe (worn)
 l - a +1 helmet (worn)
Scrolls
 i - 5 scrolls of identify
 n - a scroll of amnesia
 o - a scroll of recharging
Potions
 e - 2 potions of heal wounds
 h - 2 potions of cancellation
 j - a potion of curing {unknown}
Books
 c - a book of Maledictions

   Spells                             Type                      Level
   a - Corona                         Hexes                        1
   b - Ensorcelled Hibernation        Hexes/Ice                    2
   c - Confuse                        Hexes                        3
   d - Tukima's Dance                 Hexes                        3
   e - Dazzling Spray                 Conjuration/Hexes            3
Comestibles
 d - a bread ration
 f - a chunk of flesh
 g - 3 meat rations
 m - a royal jelly


   Skills:
 - Level 0.8 Short Blades
 - Level 1.5 Dodging
 + Level 6.6 Stealth
 - Level 2.2 Spellcasting
 - Level 4.3 Hexes


You had 2 spell levels left.
You knew the following spells:

 Your Spells              Type           Power        Failure   Level  Hunger
a - Corona                Hex            ###....      4%          1    #......
b - Ensorcelled Hibernat  Hex/Ice        #.....       14%         2    ###....
c - Confuse               Hex            ###.....     12%         3    ###....


Dungeon Overview and Level Annotations

Branches:
Dungeon (6/15)
 Temple: D:4-7

Altars:
Ashenzari
Cheibriados
Elyvilon
Kikubaaqudgha
Qazlal
Xom
Zin
The Shining One

Annotations:
D:5 tyranidshit's ghost, novice DsAK
D:6 Grinder


Innate Abilities, Weirdness & Mutations

You have extremely sharp teeth.
Your natural rate of healing is unusually fast.
When hurt, damage is shared between your health and your magic reserves.
Your bite disrupts and absorbs the magic of your enemies.
Potions and wands cannot restore your health.
You are immune to rotting.


Message History

The worker ant is severely wounded.
* * * LOW HITPOINT WARNING * * *
You feel sick. The worker ant barely misses you.
You hit the worker ant but do no damage.
You bite the worker ant, but do no damage.
The worker ant is severely wounded.
* * * LOW HITPOINT WARNING * * *
You feel sick. The worker ant completely misses you.
Drink which item? (? for menu, Esc to quit)
It was a potion of heal wounds.
That seemed strangely inert.
* * * LOW HITPOINT WARNING * * *
You feel sick. The worker ant barely misses you. The worker ant bites you.
You are more poisoned.
The worker ant poisons you!
You hit the worker ant but do no damage.
Your bite misses the worker ant.
The worker ant is severely wounded.
* * * LOW HITPOINT WARNING * * *
You feel sick. The worker ant bites you.
You die...

#############
#####............
#....>..@........
#.#######a#.#..#
#.#.......#
#.#.#######
#.....# ###.#.#
###.#.# #...# #
#.#.#


You could see a worker ant.

Vanquished Creatures
  A hound (D:5)
  A giant frog skeleton (D:5)
  Robin (D:2)
  4 adders
  An ooze (D:1)
  A worm (D:1)
  A dart slug (D:1)
  A giant gecko (D:1)
  3 orcs (D:3)
  3 giant cockroaches
  5 hobgoblins
  4 jackals (D:1)
  6 kobolds (D:1)
  8 bats
  2 giant newts (D:2)
  16 goblins
  5 rats
63 creatures vanquished.

Notes
Turn   | Place    | Note
--------------------------------------------------------------
     0 | D:1      | Ruka the Vine Stalker Enchanter began the quest for the Orb.
     0 | D:1      | Reached XP level 1. HP: 9/9 MP: 4/4
    43 | D:1      | Reached skill level 4 in Stealth
    49 | D:1      | Reached XP level 2. HP: 11/13 MP: 3/6
    88 | D:1      | Learned a level 2 spell: Ensorcelled Hibernation
   441 | D:1      | Reached XP level 3. HP: 16/16 MP: 2/7
  1089 | D:2      | Reached skill level 5 in Stealth
  1089 | D:2      | Reached XP level 4. HP: 21/21 MP: 8/8
  1150 | D:2      | Learned a level 3 spell: Confuse
  1165 | D:2      | Found a shattered altar of Ashenzari.
  1165 | D:2      | Found a snail-covered altar of Cheibriados.
  1185 | D:2      | Noticed Robin
  1780 | D:2      | Killed Robin
  1834 | D:2      | Found a white marble altar of Elyvilon.
  1834 | D:2      | Found an ancient bone altar of Kikubaaqudgha.
  1835 | D:2      | Found a glowing golden altar of the Shining One.
  2373 | D:3      | Found a stormy altar of Qazlal.
  2474 | D:3      | Noticed an angel
  2475 | D:3      | Found a glowing silver altar of Zin.
  2475 | D:3      | Found a shimmering altar of Xom.
  2527 | D:3      | Reached XP level 5. HP: 24/24 MP: 2/9
  2534 | D:3      | You fall through a shaft for 3 floors!
  2609 | D:6      | Noticed Grinder
  2633 | D:5      | Entered Level 5 of the Dungeon
  2634 | D:5      | Reached skill level 6 in Stealth
  2722 | D:5      | Noticed tyranidshit's ghost (novice DsAK)
  2755 | D:5      | HP: 1/24 [poisoned by a worker ant]
  2755 | D:5      | Slain by a worker ant

Skill      XL: |  1  2  3  4  5 |
---------------+----------------+-----
Stealth        | 4 5 6 |  6.6
Hexes          | 4 |  4.3
Short Blades   | |  0.8
Dodging        | |  1.5
Spellcasting   | |  2.2

Action                   |  1- 3 |  4- 6 || total
-------------------------+-------+-------++-------
Melee: Dagger            |    79 |    63 ||   142
       Bite              |     9 |    10 ||    19
 Cast: Corona            |    10 |     8 ||    18
       Ensorcelled Hiber |    14 |    21 ||    35
       Confuse           |       |     2 ||     2
  Use: Scroll            |     2 |     5 ||     7
       Potion            |       |     1 ||     1
 Stab: Sleeping          |    20 |    14 ||    34
  Eat: Chunk             |     2 |     4 ||     6
       Bread ration      |       |     1 ||     1
Armor: Robe              |    18 |    21 ||    39
Dodge: Dodged            |    50 |    50 ||   100
